 Dungeon Crawl Stone Soup version 0.29.1-15-g9cfb28693d (webtiles) character file.

Game seed: 14251614394026593317

5784 Descartes the Blocker (level 11, -4/84 HPs)
             Began as a Formicid Fighter on Apr 6, 2023.
             Was an Initiate of Gozag.
             Slain by a wolf (13 damage)
             ... led by Grum
             ... on level 8 of the Dungeon.
             The game lasted 00:15:10 (7911 turns).

Descartes the Blocker (Formicid Fighter)            Turns: 7911, Time: 00:15:12

Health: -4/84      AC: 18    Str: 25    XL:     11   Next: 6%
Magic:  11/11      EV:  6    Int:  8    God:    Gozag
Gold:   597        SH: 12    Dex: 19    Spells: 10/10 levels left

rFire   . . .      SeeInvis +   S - +0 battleaxe (chaos)
rCold   . . .      Faith    .   t - +0 kite shield
rNeg    . . .      Spirit   .   P - +0 plate armour
rPois   .          Reflect  .   (helmet unavailable)
rElec   .          Harm     .   D - +0 cloak
rCorr   .          Rampage  .   (no gloves)
Will    +....                   (no boots)
Stlth   ..........              R - amulet of regeneration
HPRegen 1.04/turn               J - +4 ring of protection
MPRegen 0.12/turn               F - +6 ring of dexterity

@: mighty
A: permanent stasis, dig shafts and tunnels, antennae 3, four strong arms
a: Dig, Shaft Self, Renounce Religion, Potion Petition, Call Merchant, Bribe
Branch


You were on level 8 of the Dungeon.
You worshipped Gozag.
Gozag was pleased with you.
You visited 2 branches of the dungeon, and saw 9 of its levels.
You also visited: Sewer.

You collected 732 gold pieces.
You paid 135 gold pieces to Gozag.

Inventory:

Hand Weapons
 k - a +0 spectral glaive
 y - a +1 short sword of venom
 Q - a +1 dire flail
 S - a +0 battleaxe of chaos (weapon)
Missiles
 j - 2 atropa-tipped darts
 m - 3 javelins
 p - 4 silver javelins
 q - 2 datura-tipped darts
 u - 26 poisoned darts
Armour
 t - a +0 kite shield (worn)
 D - a +0 cloak (worn)
 P - a +0 plate armour (worn)
Jewellery
 a - a ring of fire
 F - a +6 ring of dexterity (right hand)
 J - a +4 ring of protection (left hand)
 R - an amulet of regeneration (around neck)
Wands
 o - a wand of paralysis (27)
 G - a wand of flame (46)
Scrolls
 b - a scroll of enchant weapon
 g - 3 scrolls of poison
 h - a scroll of summoning
 B - a scroll of butterflies {unknown}
 C - 3 scrolls of noise {unknown}
 K - a scroll of immolation {unknown}
 L - a scroll of vulnerability {unknown}
 M - 2 scrolls of magic mapping {unknown}
 N - a scroll of acquirement {unknown}
 O - 2 scrolls of enchant armour {unknown}
Potions
 d - 3 potions of might
 e - 5 potions of curing
 f - 3 potions of attraction {unknown}
 r - a potion of degeneration {unknown}
 s - a potion of mutation {unknown}
 v - 2 potions of magic {unknown}
 x - a potion of brilliance {unknown}
 z - 5 potions of haste {unknown}
 A - 2 potions of experience {unknown}
 E - 3 potions of invisibility {unknown}
 I - 3 potions of resistance


   Skills:
 + Level 7.5 Fighting
 + Level 6.3(7.3) Axes
 + Level 5.6(7.0) Polearms
 + Level 7.5 Armour
 + Level 8.9 Shields
 + Level 7.1 Earth Magic
 + Level 6.1 Evocations


You had 10 spell levels left.
You didn't know any spells.
Your spell library contained the following spells:

 Spells                   Type           Power      Damage    Failure   Level
 Gell's Gravitas          Tloc           0%         N/A       100%        3
 Inner Flame              Hex/Fire       0%         N/A       100%        3
 Lesser Beckoning         Tloc           0%         N/A       100%        3
 Teleport Other           Tloc           0%         N/A       100%        3
 Cause Fear               Hex            0%         N/A       100%        4
 Discord                  Hex            0%         N/A       100%        8


Dungeon Overview and Level Annotations

Branches:
Dungeon (8/15)             Temple (1/1) D:4           Sewer (visited)
   Lair: D:8-11

Altars:
Ashenzari
Dithmenos
Elyvilon
Fedhas
Gozag
Hepliaklqana
Kikubaaqudgha
Makhleb
Nemelex Xobeh
Okawaru
Qazlal
Sif Muna
Trog
Uskayaw
Vehumet
Wu Jian
Xom
Yredelemnul
Zin
The Shining One

Shops:
D:4 (

Annotations:
D:8 Grum


Innate Abilities, Weirdness & Mutations

You cannot be hasted, slowed, berserked, paralysed or teleported.
You can dig through walls and to a lower floor.
You have a pair of large antennae on your head. (SInv)
Your four strong arms can wield two-handed weapons with a shield.


Message History

You barely miss the wolf. x2; You miss the wolf.
You block the wolf's attack. The wolf barely misses you. The wolf bites you.
You block the wolf's attack. The wolf closely misses you.
The wolf bites you but does no damage.
Grum hits you from afar with a +1 spear.
The wolf bites you but does no damage. You block the wolf's attack.
The wolf bites you but does no damage. Grum hits you but does no damage.
The wolf bites you but does no damage.
You miss the wolf. x2; You hit the wolf but do no damage.
You barely miss the wolf. You block the wolf's attack. The wolf bites you!
You block the wolf's attack. x4; The wolf barely misses you.
Grum hits you from afar with a +1 spear.
The wolf bites you. The wolf barely misses you.
The wolf bites you but does no damage.
You hit the wolf.
The wolf suddenly seems more agile.
The wolf is moderately wounded.
You closely miss the wolf. You slash the wolf! You freeze the wolf.
You slash the wolf! You freeze the wolf. The wolf bites you.
The wolf bites you but does no damage. x2; The wolf barely misses you.
The wolf bites you! Grum hits you but does no damage. The wolf bites you.
The wolf barely misses you. The wolf bites you. x2
You hit the wolf. You freeze the wolf.
The wolf is moderately wounded.
You closely miss the wolf. x2; You hit the wolf.
You burn the wolf. The wolf bites you. The wolf barely misses you.
You block the wolf's attack. The wolf bites you!
Grum hits you from afar with a +1 spear.
The wolf bites you but does no damage. The wolf bites you!
* * * LOW HITPOINT WARNING * * *
The wolf bites you.
* * * LOW HITPOINT WARNING * * *
The wolf bites you but does no damage. You block Grum's attack.
You block the wolf's attack. The wolf bites you.
* * * LOW HITPOINT WARNING * * *
You feel very mighty all of a sudden. The wolf bites you but does no damage.
You block the wolf's attack. The wolf barely misses you. The wolf bites you.
* * * LOW HITPOINT WARNING * * *
The wolf bites you but does no damage. The wolf bites you!
You die...
Your body crumbles into a pile of gold.

#.......... #.#.......
.#.... .........##.#...
## .............. ...
#.......#... ...##
#.......#.. # .....
#..g..# .# ..#
#....####[hh###$#....#
..........h@h..$...>.#
##......######.$.....#
#.......# #.......#
..#......)######.......#
.#.......)............#
.........).<.........#
#.......##..#........# .
#.......###.#........#
#. #.....?.# #.....###


You could see Grum and 4 wolves.

Vanquished Creatures
  The ghost of ghwc the Basher, a novice TrCA of Ignis (D:6)
  Pikel (D:7)
  Maurice (D:8)
  The ghost of burchardtist the Ruffian, an amateur TrFi (D:5)
  Prince Ribbit (D:7)
  4 slime creatures (D:8)
  A sky beast (D:6)
  8 ice beasts
  2 orc warriors
  A black bear (D:5)
  4 ogres
  A lemure (D:7)
  The ghost of Gabide the Shooter, an amateur DEHu (D:3)
  A kobold brigand (D:7)
  A bullfrog (D:6)
  A necrophage (D:7)
  A scorpion (D:4)
  9 wights
  3 quasits (D:5)
  A centaur skeleton (D:3)
  2 jellies
  A wyvern simulacrum (D:6)
  3 hounds
  A water moccasin simulacrum (D:6)
  4 orc priests
  A bullfrog zombie (D:3)
  4 iguanas
  4 orc wizards
  Ijyb (D:4)
  A killer bee zombie (D:3)
  A bullfrog simulacrum (D:6)
  A killer bee simulacrum (D:6)
  4 gnolls (D:7)
  11 adders
  3 river rats (Sewer)
  A white imp (D:6)
  2 ufetubi
  3 worms
  3 dart slugs
  28 orcs
  2 endoplasms
  5 giant cockroaches
  14 goblins
  7 hobgoblins
  3 jackals (D:1)
  32 kobolds
  5 quokkas
  6 ball pythons
  6 bats
  7 frilled lizards
  28 rats
238 creatures vanquished.

Vanquished Creatures (others)
  5 plants (D:1)
5 creatures vanquished.

Grand Total: 243 creatures vanquished

Notes
Turn   | Place    | Note
-------+----------+-------------------------------------------
     0 | D:1      | Descartes the Formicid Fighter began the quest for the Orb.
     0 | D:1      | Reached XP level 1. HP: 18/18 MP: 1/1
    63 | D:1      | Reached XP level 2. HP: 22/24 MP: 2/2
   449 | D:1      | Reached skill level 1 in Earth Magic
   587 | D:1      | Reached XP level 3. HP: 27/29 MP: 3/3
  1012 | D:1      | Found a faded altar of an unknown god.
  1343 | D:2      | Reached XP level 4. HP: 34/37 MP: 4/4
  1805 | D:3      | Reached XP level 5. HP: 22/42 MP: 5/5
  2379 | D:3      | Found a runed translucent gate.
  2380 | D:3      | Found a runed translucent gate.
  2381 | D:3      | Found a runed translucent gate.
  2390 | D:3      | Noticed Gabide's ghost (amateur DEHu)
  3136 | D:3      | Killed Gabide's ghost
  3137 | D:3      | Reached skill level 1 in Polearms
  3137 | D:3      | Reached skill level 1 in Evocations
  3137 | D:3      | Reached XP level 6. HP: 18/48 MP: 6/6
  3140 | D:3      | Reached skill level 5 in Shields
  3513 | D:4      | Noticed an ogre
  3517 | D:4      | Killed an ogre
  3518 | D:4      | Reached XP level 7. HP: 33/55 MP: 7/7
  3531 | D:4      | Found a transporter.
  3723 | D:4      | Found a glowing drain.
  3727 | Sewer    | Entered a sewer
  4400 | D:4      | Noticed Ijyb
  4405 | D:4      | Killed Ijyb
  4630 | D:4      | Found a staircase to the Ecumenical Temple.
  4639 | Temple   | Entered the Ecumenical Temple
  4786 | D:4      | Found a transporter.
  4904 | D:4      | Found Nephoef's Antique Weapon Emporium.
  5077 | D:5      | Entered Level 5 of the Dungeon
  5088 | D:5      | Noticed burchardtist's ghost (amateur TrFi)
  5096 | D:5      | Found a transporter.
  5185 | D:5      | Found a transporter.
  5238 | D:5      | Reached XP level 8. HP: 61/61 MP: 8/8
  5379 | D:5      | Found a sparkling altar of Nemelex Xobeh.
  5379 | D:5      | Found a blossoming altar of Fedhas.
  5722 | D:6      | Reached skill level 5 in Fighting
  5722 | D:6      | Reached skill level 5 in Armour
  5722 | D:6      | Reached skill level 6 in Shields
  5865 | D:6      | Found an ancient bone altar of Kikubaaqudgha.
  5973 | D:6      | Found a runed translucent gate.
  5973 | D:6      | Found a runed translucent gate.
  5973 | D:6      | Found a runed translucent gate.
  6074 | D:6      | Found a shimmering altar of Xom.
  6213 | D:5      | Reached XP level 9. HP: 34/63 MP: 9/9
  6486 | D:6      | Noticed ghwc's ghost (novice TrCA)
  6583 | D:6      | Reached skill level 7 in Shields
  6583 | D:6      | Reached skill level 5 in Earth Magic
  6830 | D:7      | Found a shimmering blue altar of Sif Muna.
  6856 | D:7      | Noticed Prince Ribbit
  6859 | D:7      | Killed Prince Ribbit
  6860 | D:7      | Reached skill level 5 in Axes
  6911 | D:7      | Found an ornate altar of the Wu Jian Council.
  6912 | D:7      | Found an opulent altar of Gozag.
  6914 | D:7      | Found a hide-covered altar of Uskayaw.
  6914 | D:7      | Found a bloodstained altar of Trog.
  6914 | D:7      | Found a glowing golden altar of the Shining One.
  6916 | D:7      | Found a glowing silver altar of Zin.
  6917 | D:7      | Found a basalt altar of Yredelemnul.
  6920 | D:7      | Became a worshipper of Gozag Ym Sagoz the Greedy
  7147 | D:5      | Killed burchardtist's ghost
  7148 | D:5      | Reached XP level 10. HP: 56/77 MP: 10/10
  7322 | D:4      | Reached skill level 5 in Evocations
  7545 | D:6      | Reached skill level 8 in Shields
  7579 | D:6      | Killed ghwc's ghost
  7580 | D:6      | Reached skill level 5 in Polearms
  7760 | D:8      | Noticed Pikel
  7761 | D:8      | Noticed Maurice
  7815 | D:7      | Killed Pikel
  7849 | D:8      | Killed Maurice
  7877 | D:8      | Reached XP level 11. HP: 55/84 MP: 11/11
  7902 | D:8      | Noticed Grum
  7911 | D:8      | Slain by a wolf

Illustrated notes

Levels and vault maps discovered:
D:1:      dpeg_arrival_short_road, layout_loops_ring,
          chequers_ecumenical_altar_lobes
D:2:      layout_rooms, minmay_misc_feat_roman
D:3:      minmay_diamond_boxcup, layout_basic, gammafunk_ghost_necromancy,
          feat_on_display
D:4:      gammafunk_cloud_chamber, layout_basic, minmay_temple_entry_trees,
          gup_sewer_entry_bowl, serial_shops, shop, uniq_ijyb
D:5:      layout_basic, gammafunk_temple_overflow_elements,
          gammafunk_ghost_stat_death
D:6:      layout_gridville, xom_confusion_cloud, nicolae_overflow_crystal_walls,
          gammafunk_ghost_icy, amethyst_killhole
D:7:      layout_rooms, led_sif_pool, grunt_temple_overflow_open,
          uniq_prince_ribbit1
D:8:      layout_rooms, dpeg_oklobed_lair, uniq_erica, uniq_grum, uniq_pikel,
          uniq_amaemon, uniq_maurice
Temple:   hellmonk_temple_micro_hex

Skill      XL: |  1  2  3  4  5  6  7  8  9 10 |
---------------+-------------------------------+-----
Earth Magic    | 1 2 3 4 5 7 |  7.1
Armour         | 4 5 6 7 |  7.5
Fighting       | 4 5 6 7 |  7.5
Axes           | 3 4 5 6 |  6.3
Polearms       | 1 2 3 4 5 |  5.6
Evocations     | 1 2 3 4 6 |  6.1
Shields        | 5 6 7 8 |  8.9

Action                   |  1- 3 |  4- 6 |  7- 9 | 10-12 || total
-------------------------+-------+-------+-------+-------++-------
Melee: War axe           |    71 |       |       |       ||    71
       Glaive            |    20 |   164 |   190 |     6 ||   380
       Battleaxe         |       |       |       |    98 ||    98
 Abil: Dig               |       |       |     1 |       ||     1
  Use: Scroll            |       |     7 |     1 |     2 ||    10
       Potion            |       |       |       |     1 ||     1
 Stab: Distracted        |       |       |     1 |     1 ||     2
       Confused          |       |       |       |     1 ||     1
Armor: Scale mail        |    60 |    22 |       |       ||    82
       Chain mail        |       |    67 |    42 |       ||   109
       Plate armour      |       |       |    57 |    86 ||   143
Dodge: Dodged            |    65 |    72 |    49 |    40 ||   226
Block: Buckler           |    30 |    60 |    20 |       ||   110
       Kite shield       |       |       |    51 |    85 ||   136
